 Dungeon Crawl Stone Soup version bcrawl-1.13.2 (webtiles) character file.

Game seed: 12856639780216066006

154 Felnil the Covered (level 5, -2/30 HPs)
             Began as a Skeleton Skald on Aug 9, 2019.
             Was an Initiate of Vehumet.
             Splashed by a jelly's acid (8 damage)
             ... on level 3 of the Dungeon.
             The game lasted 00:11:20 (3388 turns).

Felnil the Covered (Skeleton Skald)                 Turns: 3388, Time: 00:11:20

Health: -2/30      AC:  1    Str: 18      XL:     5   Next: 13%
Magic:  0/9        EV: 10    Int: 11 (12) God:    Vehumet [......]
Gold:   103        SH:  4    Dex:  6 (8)  Spells: 7/10 levels left

rFire    . . .     SeeInvis .   a - +0 hand axe
rCold    + . .     Gourm    .   b - +2 buckler
rNeg     + + +     Faith    .   c - +0 scale mail
rPois    ∞         Spirit   +   (no helmet)
rElec    .         Reflect  .   (no cloak)
rCorr    .         Harm     .   k - +1 pair of gloves
MR       .....                  (no boots)
Stlth    ++........             (no amulet)
HPRegen  0.10/turn              j - ring of stealth
MPRegen  0.11/turn              (no ring)

@: corroded
A: no food or potions, cold resistance 1, deterioration 1, negative energy
resistance 3, torment resistance, unbreathing, magic shield, sturdy frame 1,
spell healing
a: Renounce Religion


You were on level 3 of the Dungeon.
You worshipped Vehumet.
Vehumet was noncommittal.
You were not hungry.

You visited 1 branch of the dungeon, and saw 3 of its levels.

You collected 103 gold pieces.

Inventory:

Hand Weapons
 a - a +0 hand axe (weapon)
Armour
 b - a +2 buckler (worn)
 c - a +0 scale mail (worn)
 k - a +1 pair of gloves (worn)
Jewellery
 j - a ring of stealth (left hand)
Scrolls
 d - 2 scrolls of fear
 e - a scroll of remove curse
 f - a scroll of fog
 g - a scroll of enchant weapon
 h - a scroll of teleportation {unknown}
 i - 2 scrolls of blinking
 l - a scroll of amnesia
 m - a scroll of identify


   Skills:
 - Level 2.0 Fighting
 - Level 2.4 Axes
 + Level 5.5 Armour
 - Level 2.0 Dodging
 - Level 3.0 Spellcasting
 - Level 3.2 Charms


You had 7 spell levels left.
You knew the following spells:

 Your Spells              Type           Power        Failure   Level  Hunger
a - Infusion              Chrm           #.......     22%         1    N/A
b - Song of Slaying       Chrm           #.......     34%         2    N/A

Your spell library contained the following spells:

 Spells                   Type           Power        Failure   Level  Hunger
 Ozocubu's Armour         Chrm/Ice       #.......     80%         3    N/A
 Spectral Weapon          Hex/Chrm       #.......     80%         3    N/A
 Regeneration             Chrm/Necr      Unusable     N/A         3    N/A

Dungeon Overview and Level Annotations

Branches:
Dungeon (3/12)

Altars:
Hepliaklqana
Lugonu
Vehumet


Innate Abilities, Weirdness & Mutations

You do not eat or drink.
You are immune to poison.
Your flesh is cold resistant. (rC+)
Your body sometimes deteriorates upon taking damage.
You are immune to negative energy. (rN+++)
You are immune to unholy pain and torment.
You can survive without breathing.
When hurt, damage is shared between your health and your magic reserves.
Your movements are slightly less encumbered by armour. (ER -2)
Casting spells heals you.


Message History

The jelly barely misses you.
You hit the jelly but do no damage.
Your hands burn!
The jelly hits you.
You are splashed with acid!
You hit the jelly.
Your hands burn!
The jelly is moderately wounded.
The jelly hits you. The acid corrodes you!
You are splashed with acid!
* * * LOW HITPOINT WARNING * * *
You are too injured to fight recklessly!
You are too injured to fight recklessly!
You are too injured to fight recklessly!
You are too injured to fight recklessly!
You are too injured to fight recklessly!
You are too injured to fight recklessly!
You hit the jelly.
Your hands burn!
* * * LOW HITPOINT WARNING * * *
The jelly is heavily wounded.
The jelly hits you.
* * * LOW HITPOINT WARNING * * *
The acid corrodes you!
You are splashed with acid!
You die...

##.## ##.##. .
#..###..... #
#.#...####. #.##### #.
#.# #. #.# #.
############ #.# #.
...........###.# #.
......J@..†....########.
##########......).......
###############


You could see a jelly.

Vanquished Creatures
  An orc wizard (D:2)
  3 adders
  2 oozes (D:3)
  2 worms (D:3)
  3 dart slugs
  3 leopard geckos
  6 orcs
  A bat (D:2)
  3 giant cockroaches
  6 goblins
  11 hobgoblins
  10 jackals
  3 frilled lizards
  6 kobolds
  5 rats
65 creatures vanquished.

Notes
Turn   | Place    | Note
-------+----------+-------------------------------------------
     0 | D:1      | Felnil the Skeleton Skald began the quest for the Orb.
     0 | D:1      | Reached XP level 1. HP: 12/12 MP: 4/4
   125 | D:1      | Reached skill level 2 in Armour
   238 | D:1      | Reached XP level 2. HP: 17/17 MP: 6/6
   572 | D:1      | Learned a level 2 spell: Song of Slaying
   616 | D:1      | Reached skill level 3 in Armour
  1010 | D:1      | Reached XP level 3. HP: 18/21 MP: 7/7
  1878 | D:2      | Reached skill level 4 in Armour
  1989 | D:2      | Reached XP level 4. HP: 11/26 MP: 4/8
  2359 | D:2      | Found a hazy altar of Hepliaklqana.
  2661 | D:3      | Found a radiant altar of Vehumet.
  2704 | D:3      | Reached skill level 5 in Armour
  2714 | D:3      | Became a worshipper of Vehumet
  2849 | D:3      | Found a corrupted altar of Lugonu.
  2975 | D:3      | Reached XP level 5. HP: 28/30 MP: 9/9
  3388 | D:3      | Splashed by a jelly's acid

Skill      XL: |  1  2  3  4 |
---------------+-------------+-----
Armour         | 2 3 4 5 |  5.5
Fighting       | |  2.0
Axes           | |  2.4
Dodging        | |  2.0
Spellcasting   | |  3.0
Charms         | |  3.2

Action                   |  1- 3 |  4- 6 || total
-------------------------+-------+-------++-------
Melee: Hand axe          |   158 |   136 ||   294
 Cast: Infusion          |     3 |       ||     3
       Song of Slaying   |     2 |       ||     2
  Use: Scroll            |     4 |     1 ||     5
 Stab: Sleeping          |     1 |     3 ||     4
Armor: Scale mail        |    71 |    56 ||   127
Dodge: Dodged            |    85 |    68 ||   153
Block: Buckler           |    33 |    26 ||    59
